 Dungeon Crawl Stone Soup version 0.20-b1 (webtiles) character file.

777 Mesmaeker13 the Conjurer (level 7, -1/36 HPs)
             Began as a Deep Elf Conjurer on May 18, 2017.
             Shot with an arrow by a centaur (11 damage)
             ... on level 5 of the Dungeon.
             The game lasted 00:08:57 (5738 turns).

Mesmaeker13 the Conjurer (Deep Elf Conjurer)        Turns: 5738, Time: 00:08:58

Health: -1/36      AC:  3    Str:  7    XL:     7   Next: 54%
Magic:  19/19      EV: 15    Int: 20    God:
Gold:   179        SH:  0    Dex: 15    Spells: 9/19 levels left

rFire    . . .     SeeInvis .   d - +1 whip (freeze)
rCold    . . .     Gourm    .   (no shield)
rNeg     . . .     Faith    .   a - +0 robe
rPois    .         Spirit   .   h - +0 helmet
rElec    .         Reflect  .   (no cloak)
rCorr    .         Harm     .   (no gloves)
MR       .....                  (no boots)
Stlth    ++........             (no amulet)
Regen    0.2/turn               q - ring of flight
MPRegen  0.2/turn               (no ring)

@: no status effects
A: no striking features
a: Evoke Flight


You were on level 5 of the Dungeon.
You were hungry.

You visited 1 branch of the dungeon, and saw 5 of its levels.

You collected 179 gold pieces.

Inventory:

Hand Weapons
 d - a +1 whip of freezing (weapon)
 j - a +1 dagger of holy wrath
Missiles
 p - 5 javelins (quivered)
Armour
 a - a +0 robe (worn)
 h - a +0 helmet (worn)
Jewellery
 q - a ring of flight (left hand)
Wands
 t - a wand of iceblast (9/15)
Scrolls
 i - 5 scrolls of teleportation
 k - 2 scrolls of recharging
 n - a scroll of fear
 s - 2 scrolls of remove curse
 u - a scroll of magic mapping {unknown}
Potions
 e - a potion of flight
 l - a potion of lignification
 m - a potion of curing
 r - a potion of heal wounds {unknown}
Books
 b - a book of Conjurations

   Spells                             Type                      Level
   a - Magic Dart                     Conjuration                  1
   b - Searing Ray                    Conjuration                  2
   c - Dazzling Spray                 Conjuration/Hexes            3
   d - Fulminant Prism                Conjuration/Hexes            4
   e - Force Lance                    Conjuration/Translocation    4
   f - Iskenderun's Mystic Blast      Conjuration                  4
Comestibles
 c - 2 bread rations
 f - a meat ration
 g - a royal jelly
 o - a fruit


   Skills:
 + Level 5.0 Dodging
 - Level 2.4 Stealth
 + Level 6.7 Spellcasting
 + Level 7.0 Conjurations
 + Level 4.1 Hexes


You had 9 spell levels left.
You knew the following spells:

 Your Spells              Type           Power        Failure   Level  Hunger
a - Magic Dart            Conj           ####         1%          1    None
b - Searing Ray           Conj           ####..       1%          2    None
c - Dazzling Spray        Conj/Hex       ####..       3%          3    #......
d - Fulminant Prism       Conj/Hex       ####......   10%         4    ###....


Dungeon Overview and Level Annotations

Branches:
Dungeon (5/15)
 Temple: D:4-7

Altars:
Ashenzari
Cheibriados
Gozag
Nemelex Xobeh
Uskayaw
The Shining One


Message History

Press: ? - help, Shift-Dir - straight line, f - orc
Aim: an orc, wielding a whip (resting)
The magic dart hits the orc.
You kill the orc!
There is an open door here.
An orc priest and a centaur come into view.
The centaur shouts!
The centaur wields a shortbow.
The centaur shoots an arrow.
The arrow hits you!
Found a stone staircase leading up.
You see here an arrow.
An orc comes into view.
The orc priest shouts!
The centaur shoots an arrow.
The arrow hits you!
The centaur shoots an arrow.
The arrow misses you.
You see here an arrow.
The orc priest misses you.
The centaur shoots an arrow.
The arrow hits you!
* * * LOW HITPOINT WARNING * * *
There is a stone staircase leading up, spattered with blood here.
The centaur shoots an arrow.
The arrow hits you!
You die...

#......#.#.#.................
########.#.#.#..##....)......
#.#.#.#...............
###.#.......#.##......).
#...#.......#.##.######'
#...'.(.#.#.# #>.......
#...###.#. ......... #...#
#(# .####### #...# #@#
##.....o....# #.....o.c..#
#..).......# ######'###'# ...
... ##. ... . ..


You could see a centaur, an orc priest and an orc.

Vanquished Creatures
  An ogre (D:5)
  2 centaurs (D:5)
  A jelly (D:5)
  2 orc priests
  3 orc wizards
  A bullfrog skeleton (D:5)
  Terence (D:2)
  Jessica (D:2)
  Natasha (D:2)
  A worker ant (D:5)
  A hound skeleton (D:5)
  10 adders
  A shadow imp (D:5)
  An ooze (D:2)
  A worm (D:3)
  2 dart slugs
  4 leopard geckos
  18 orcs
  2 ball pythons (D:5)
  8 bats
  7 giant cockroaches
  7 goblins
  6 hobgoblins
  2 quokkas
  5 frilled lizards
  8 kobolds
  5 rats
102 creatures vanquished.

Notes
Turn   | Place    | Note
-------+----------+-------------------------------------------
     0 | D:1      | Mesmaeker13 the Deep Elf Conjurer began the quest for the Orb.
     0 | D:1      | Reached XP level 1. HP: 10/10 MP: 6/6
   483 | D:1      | Reached XP level 2. HP: 14/15 MP: 4/8
   489 | D:1      | Learned a level 2 spell: Searing Ray
  1035 | D:2      | Reached skill level 5 in Conjurations
  1035 | D:2      | Reached XP level 3. HP: 13/19 MP: 3/10
  1123 | D:2      | Noticed Natasha
  1128 | D:2      | Killed Natasha
  1344 | D:2      | Noticed Jessica
  1347 | D:2      | Killed Jessica
  1347 | D:2      | Reached XP level 4. HP: 24/24 MP: 7/12
  1660 | D:2      | Reached skill level 5 in Spellcasting
  1848 | D:2      | Noticed Terence
  2058 | D:2      | Killed Terence
  2058 | D:2      | Reached XP level 5. HP: 16/28 MP: 3/14
  2434 | D:2      | Found a hide-covered altar of Uskayaw.
  2434 | D:2      | Found a snail-covered altar of Cheibriados.
  2440 | D:2      | Learned a level 3 spell: Dazzling Spray
  2441 | D:2      | Found a glowing golden altar of the Shining One.
  2829 | D:2      | Reached skill level 1 in Hexes
  3200 | D:3      | Reached skill level 6 in Conjurations
  3327 | D:3      | Found a shattered altar of Ashenzari.
  3423 | D:3      | Found a sparkling altar of Nemelex Xobeh.
  3646 | D:3      | Found a faded altar of an unknown god.
  3827 | D:3      | Reached XP level 6. HP: 32/32 MP: 13/16
  3911 | D:3      | Found an opulent altar of Gozag.
  4609 | D:5      | Entered Level 5 of the Dungeon
  4890 | D:5      | Reached XP level 7. HP: 36/36 MP: 12/18
  5500 | D:5      | Learned a level 4 spell: Fulminant Prism
  5659 | D:5      | Reached skill level 5 in Dodging
  5659 | D:5      | Reached skill level 7 in Conjurations
  5738 | D:5      | Shot with an arrow by a centaur

Skill      XL: |  1  2  3  4  5  6  7 |
---------------+----------------------+-----
Spellcasting   | 4 5 6 |  6.7
Conjurations   | 5 6 7 |  7.0
Dodging        | 3 4 5 |  5.0
Hexes          | 2 3 4 |  4.1
Stealth        | |  2.4

Action                   |  1- 3 |  4- 6 |  7- 9 || total
-------------------------+-------+-------+-------++-------
Melee: Unarmed           |     9 |       |       ||     9
       Dagger            |     2 |       |       ||     2
       Whip              |       |    22 |    14 ||    36
 Cast: Magic Dart        |    30 |    99 |    12 ||   141
       Searing Ray       |     2 |    26 |     7 ||    35
       Dazzling Spray    |       |     3 |       ||     3
  Use: Potion            |       |     3 |       ||     3
       Scroll            |       |     5 |     1 ||     6
 Stab: Sleeping          |       |     1 |       ||     1
  Eat: Chunk             |     1 |    11 |     2 ||    14
Armor: Robe              |     2 |    15 |     3 ||    20
Dodge: Dodged            |    11 |    40 |    16 ||    67
